 Dungeon Crawl Stone Soup version 0.19-a0-1341-g3513869 (webtiles) character file.

165 rlgrobin the Chopper (level 5, -1/41 HPs)
             Began as a Formicid Fighter on Sept 1, 2016.
             Slain by a gnoll
             ... wielding a +0 spear
              (6 damage)
             ... on level 3 of the Dungeon.
             The game lasted 00:02:50 (2060 turns).

rlgrobin the Chopper (Formicid Fighter)             Turns: 2060, Time: 00:02:50

Health: -1/41      AC:  6    Str: 21    XL:     5   Next: 75%
Magic:  5/5        EV:  7    Int:  7    God:
Gold:   136        SH:  9    Dex: 11    Spells: 0 memorised, 4 levels left

rFire  . . .     SeeInvis +     a - +0 war axe
rCold  . . .     Gourm    .     b - +0 scale mail
rNeg   . . .     Faith    .     c - +0 shield
rPois  .         Spirit   .     (helmet unavailable)
rElec  .         Dismiss  .     (no cloak)
rCorr  .         Reflect  .     (no gloves)
MR     .....     Harm     .     (no boots)
Stlth  ..........               (no amulet)
                                (no ring)
                                (no ring)

@: drained
A: permanent stasis, dig shafts and tunnels, four strong arms, antennae 3
a: Dig, Shaft Self


You were on level 3 of the Dungeon.
You were very hungry.

You visited 1 branch of the dungeon, and saw 3 of its levels.

You collected 136 gold pieces.

Inventory:

Hand Weapons
 a - a +0 war axe (weapon)
Armour
 b - a +0 scale mail (worn)
 c - a +0 shield (worn)
Jewellery
 p - an uncursed amulet of rage {unknown}
Scrolls
 e - 2 scrolls of identify {unknown}
 h - a scroll of random uselessness {unknown}
 k - 4 scrolls of teleportation {unknown}
 o - 2 scrolls of enchant weapon {unknown}
 t - a scroll of fog {unknown}
Potions
 d - 2 potions of might
 g - a potion of agility {unknown}
 j - a potion of haste {unknown}
 l - a potion of berserk rage {unknown}
 m - 2 potions of flight {unknown}
 q - a potion of lignification {unknown}
Comestibles
 f - 2 bread rations
 i - 3 slices of pizza
 n - a meat ration
 r - 3 fruits
 s - a beef jerky


   Skills:
 - Level 3.2(2.6) Fighting
 + Level 5.5(4.7) Axes
 - Level 3.2(2.6) Armour
 - Level 3.6(2.9) Shields


You had 4 spell levels left.
You didn't know any spells.

Dungeon Overview and Level Annotations

Branches:
Dungeon (3/15)

Altars:

Annotations:
D:3 1 runed door


Innate Abilities, Weirdness & Mutations

You are under a permanent stasis effect.
You can dig through walls and to a lower floor.
Your four strong arms can wield two-handed weapons with a shield.
You have a pair of large antennae on your head. (SInv)


Message History

* * * LOW HITPOINT WARNING * * *
Items here: )) †† a whip x2; a worm corpse; a gnoll corpse You slash the gnoll!
The gnoll is severely wounded.
The gnoll closely misses you.
You barely miss the gnoll.
The gnoll is severely wounded.
The gnoll hits you but does no damage. x2
You hit the gnoll.
The gnoll is severely wounded.
The gnoll hits you with a spear.
* * * LOW HITPOINT WARNING * * *
Your scale mail prevents you from hitting the gnoll.
The gnoll is severely wounded.
The gnoll barely misses you.
You closely miss the gnoll.
The gnoll is severely wounded.
The gnoll hits you with a spear.
You die...

#.....# ##.##.# #.#.# ####.##
##...#.# #####.#.# #.#
#(.....###.......# ##.##
##...#.#.......###
#...#########.##.#.#.##..#
#..........##(##.#.#.##..#
#...####.................#
##### #...##.####......##
######@# ######## ### #g#
#####.#####.# ###.........#.#
#...#..<..#.#.################
#.....................).<..).#
#...#.....#.#.######.####.##.#
#..##...##....## #.# ##.##.#
#..###.###.....# #.###...#.#


You could see a gnoll.

Vanquished Creatures
  An orc wizard (D:3)
  3 gnolls (D:3)
  2 adders (D:3)
  2 oozes
  4 worms
  4 dart slugs
  5 orcs (D:3)
  5 giant cockroaches
  5 goblins
  5 hobgoblins
  9 kobolds
  A quokka (D:2)
  10 bats
  A giant newt (D:1)
  8 rats
65 creatures vanquished.

Notes
Turn   | Place    | Note
-------+----------+-------------------------------------------
     0 | D:1      | rlgrobin the Formicid Fighter began the quest for the Orb.
     0 | D:1      | Reached XP level 1. HP: 18/18 MP: 1/1
   130 | D:1      | Reached XP level 2. HP: 21/24 MP: 2/2
   335 | D:1      | Reached skill level 3 in Axes
   534 | D:1      | Reached XP level 3. HP: 28/29 MP: 3/3
   981 | D:2      | Reached XP level 4. HP: 32/35 MP: 4/4
   983 | D:2      | Reached skill level 4 in Axes
  1459 | D:3      | Reached XP level 5. HP: 35/41 MP: 5/5
  1672 | D:3      | Reached skill level 5 in Axes
  1754 | D:3      | Found a runed door.
  2060 | D:3      | Slain by a gnoll

Vault maps used:
D:1:      mainiacjoe_arrival_reflecting_pool
D:3:      uniq_grinder, uniq_crazy_yiuf_cottage

Skill      XL: |  1  2  3  4  5 |
---------------+----------------+-----
Axes           | 3 4 5 |  5.5
Fighting       | |  3.2
Armour         | |  3.2
Shields        | |  3.6

Action                   |  1- 3 |  4- 6 || total
-------------------------+-------+-------++-------
Melee: War axe           |    95 |   116 ||   211
  Eat: Chunk             |       |     3 ||     3
Armor: Scale mail        |    48 |    57 ||   105
Dodge: Dodged            |    26 |    32 ||    58
Block: Shield            |    51 |    63 ||   114
